 Dungeon Crawl Stone Soup version 0.26-a0-812-g31a745ddcd (webtiles) character file.

Game seed: 16519351218591495581

237 nicanaca0 the Sneak (level 5, -15/24 HPs)
             Began as a Spriggan Enchanter on Nov 22, 2020.
             Demolished by Pikel
             ... wielding a +2 whip of electrocution
              (19 damage)
             ... on level 3 of the Dungeon.
             The game lasted 00:08:50 (4967 turns).

nicanaca0 the Sneak (Spriggan Enchanter)            Turns: 4967, Time: 00:08:51

Health: -15/24     AC:  4    Str:  4    XL:     5   Next: 77%
Magic:  4/12       EV: 19    Int: 17    God:
Gold:   133        SH:  0    Dex: 17    Spells: 6/12 levels left

rFire    . . .     SeeInvis +   h - +0 short sword (protect)
rCold    . . .     Faith    .   (shield restricted)
rNeg     . . .     Spirit   .   b - +0 robe
rPois    .         Reflect  .   d - +2 hat
rElec    .         Harm     .   (no cloak)
rCorr    .         Rampage  .   (gloves unavailable)
MR       .....                  (boots unavailable)
Stlth    +++.......             (no amulet)
HPRegen  0.08/turn              (no ring)
MPRegen  0.13/turn              (no ring)

@: very quick
A: very small, unfitting armour, see invisible, speed 3
a: no special abilities


You were on level 3 of the Dungeon.
You visited 1 branch of the dungeon, and saw 4 of its levels.

You collected 133 gold pieces.

Inventory:

Hand Weapons
 a - a +1 dagger
 h - a +0 short sword of protection (weapon)
 p - a +2 whip of draining
Missiles
 i - 9 poisoned darts (quivered)
Armour
 b - a +0 robe (worn)
 d - a +2 hat (worn)
Wands
 f - a wand of flame (11)
 q - a wand of iceblast (6)
Scrolls
 g - 3 scrolls of teleportation {unknown}
 k - a scroll of noise {unknown}
 m - a scroll of remove curse {@r2}
 n - a scroll of fog {unknown}
 r - a scroll of magic mapping {unknown}
Potions
 c - a potion of berserk rage {unknown}
 e - 3 potions of curing {@q1}
 j - a potion of mutation
 l - a potion of brilliance {unknown}
 o - 4 potions of lignification
 s - 2 potions of heal wounds {@q2}
 t - a potion of ambrosia {unknown}


   Skills:
 - Level 1.1 Short Blades
 + Level 3.4 Dodging
 * Level 6.4 Stealth
 + Level 4.2 Spellcasting
 * Level 6.0 Hexes


You had 6 spell levels left.
You knew the following spells:

 Your Spells              Type           Power        Failure   Level
a - Corona                Hex            ###....      1%          1
b - Ensorcelled Hibernat  Hex/Ice        ##....       7%          2
c - Dazzling Flash        Conj/Hex       ##....       14%         3

Your spell library contained the following spells:

 Spells                   Type           Power        Failure   Level
 Confusing Touch          Hex            ###.....     4%          3
 Tukima's Dance           Hex            ###.....     4%          3
 Animate Skeleton         Necr           #.....       16%         1
 Apportation              Tloc           #.....       16%         1
 Summon Small Mammal      Summ           #...         16%         1


Dungeon Overview and Level Annotations

Branches:
Dungeon (4/15)
 Temple: D:4-7

Altars:
Sif Muna

Annotations:
D:3 Pikel


Innate Abilities, Weirdness & Mutations

You are very small and have problems with some larger weapons.
You are too small for most types of armour.
You have supernaturally acute eyesight. (SInv)
You cover ground extremely quickly.


Message History

Pikel says, "I'm sure the Orcish Mines are around here somewhere..."
There is a stone staircase leading up here.
The lemure shouts! x2
Pikel hits you with a +2 whip of electrocution!
The lemure closely misses you.
You climb upwards.
Your magical contamination has completely faded away.
There is a stone staircase leading down here.
Pikel barely misses you.
Casting: Ensorcelled Hibernation (safe; 7% risk of failure)
Confirm with . or Enter, or press ? or * to list all spells.
Aiming: Ensorcelled Hibernation (safe; 7% risk of failure)
Press: ? - help, Shift-Dir - straight line, f - lemure
Aim: a lemure (chance to defeat MR: 44%)
The lemure resists with some effort.
Pikel hits you with a +2 whip of electrocution!
* * * LOW HITPOINT WARNING * * *
You are electrocuted!!
Ouch! That really hurt!
You die...

...### .....#############
..............)..####
...#.#######........# .....#
#####.##.# ...#.##### #.##.#
...#.....# #.##.# .........#
#K##.####### .....##..#
#@5........#
.........##########.#####.#
.###.#...............# #.#
##
#.#.#..#####################
# #..###.## ##...........###
# ##.## ##.##
#............'_# ###.## ##.#
#............### .....##
##.## #.############
####..###[## #..# #.#


You could see Pikel and a lemure.

Vanquished Creatures
  Terence (D:3)
  An orc wizard (D:3)
  6 adders
  A gnoll (D:1)
  An ooze (D:2)
  4 worms
  2 dart slugs
  6 leopard geckos
  13 orcs
  A ball python (D:2)
  5 giant cockroaches
  5 goblins
  11 hobgoblins
  A jackal (D:1)
  4 quokkas
  9 bats
  A frilled lizard (D:1)
  7 kobolds
  6 rats
85 creatures vanquished.

Notes
Turn   | Place    | Note
-------+----------+-------------------------------------------
     0 | D:1      | nicanaca0 the Spriggan Enchanter began the quest for the
                  | Orb.
     0 | D:1      | Reached XP level 1. HP: 9/9 MP: 5/5
   765 | D:1      | Reached XP level 2. HP: 11/13 MP: 4/6
   806 | D:1      | Learned a level 2 spell: Ensorcelled Hibernation
  1477 | D:2      | Reached skill level 5 in Stealth
  1477 | D:2      | Reached XP level 3. HP: 12/16 MP: 3/8
  1973 | D:2      | Learned a level 3 spell: Dazzling Flash
  2268 | D:2      | Reached skill level 5 in Hexes
  2268 | D:2      | Reached XP level 4. HP: 21/21 MP: 7/10
  3873 | D:3      | Reached XP level 5. HP: 24/24 MP: 11/11
  4043 | D:3      | Found a shimmering blue altar of Sif Muna.
  4130 | D:3      | Noticed Terence
  4130 | D:3      | You fall into a shaft and drop 1 floor!
  4724 | D:3      | Killed Terence
  4938 | D:4      | Noticed Pikel
  4939 | D:4      | Noticed a lemure
  4940 | D:4      | Noticed a lemure
  4940 | D:4      | Noticed a lemure
  4954 | D:4      | Noticed a lemure
  4967 | D:3      | Demolished by Pikel

Illustrated notes

Levels and vault maps discovered:
D:1:      nzn_arrival_water_spiral, layout_loops_corners, minmay_split_cup_small
D:2:      layout_basic
D:3:      layout_loops_ring, lemuel_blue_sif_altar, uniq_terence
D:4:      layout_basic, elyvilon_altar_5,
          nicolae_dithmenos_through_a_glass_darkly,
          grunt_temple_overflow_diamond, hex_intersection,
          kennysheep_opposing_triangles, uniq_pikel, uniq_menkaure

Skill      XL: |  1  2  3  4  5 |
---------------+----------------+-----
Hexes          | 4 5 6 |  6.0
Spellcasting   | 3 4 |  4.2
Stealth        | 5 6 |  6.4
Short Blades   | |  1.1
Dodging        | |  3.4

Action                   |  1- 3 |  4- 6 || total
-------------------------+-------+-------++-------
Melee: Dagger            |    35 |       ||    35
       Short sword       |   114 |   159 ||   273
Throw: Dart              |       |     4 ||     4
 Cast: Corona            |    13 |     6 ||    19
       Ensorcelled Hiber |    22 |    70 ||    92
  Use: Potion            |       |     1 ||     1
       Scroll            |       |     4 ||     4
 Stab: Sleeping          |    19 |    42 ||    61
       Distracted        |       |     2 ||     2
Armor: Robe              |    32 |    38 ||    70
Dodge: Dodged            |   150 |   152 ||   302

Table legend: (Time is in decaauts)
 A = Elapsed time spent in this place.
 B = Non-inter-level travel time spent in this place.
 C = Inter-level travel time spent in this place.
 D = Time resting spent in this place.
 E = Time spent auto-exploring this place.
 F = Levels seen in this place.
 G = Mean time per level.
                   A        B        C        D        E       F      G
               +--------+--------+--------+--------+--------+-----+--------+
         Total |   4049 |   3984 |     65 |    770 |   2286 |   4 | 1012.2 |
       Dungeon |   4049 |   3984 |     65 |    770 |   2286 |   4 | 1012.2 |
               +--------+--------+--------+--------+--------+-----+--------+

Top non-repeatable levels by time:
     D:2: 1663 daAuts
     D:3: 1164 daAuts
     D:1: 1127 daAuts
     D:4: 93 daAuts
